 Dungeon Crawl Stone Soup version 0.24.1-14-gf8d2b509d9 (webtiles) character file.

Game seed: 9681297416804955565, levelgen mode: deterministic

30780 ommo the Spear-Bearer (level 13, -10/101 HPs)
             Began as a Formicid Abyssal Knight on July 13, 2020.
             Was the Champion of Lugonu.
             Killed from afar by Jorgrun (42 damage)
             ... with an iron shot
             ... on level 13 of the Dungeon.
             The game lasted 00:51:50 (16716 turns).

ommo the Spear-Bearer (Formicid Abyssal Knight)    Turns: 16716, Time: 00:51:50

Health: -10/101    AC: 21    Str: 27    XL:     13   Next: 91%
Magic:  14/29      EV: 11    Int: 13    God:    Lugonu [******]
Gold:   909        SH: 17    Dex: 10    Spells: 12/12 levels left

rFire    . . .     SeeInvis +   a - +5 scythe "Finisher" {speed, eviscerate}
rCold    + + .     Gourm    .   u - +0 shield
rNeg     . . .     Faith    .   V - +5 scale mail "Jutiyq" {rC+}
rPois    .         Spirit   .   (helmet unavailable)
rElec    +         Reflect  +   T - +2 cloak {+Inv}
rCorr    .         Harm     .   q - +0 pair of gloves
MR       +....                  f - +1 pair of boots
Stlth    ..........             w - +5 amulet of reflection
HPRegen  0.26/turn              D - ring "Demivvub" {rElec MP+9 Str+3}
MPRegen  0.21/turn              z - +3 ring of strength

@: no status effects
A: permanent stasis, dig shafts and tunnels, four strong arms, antennae 3, cold
resistance 1, sturdy frame 1
a: Dig, Shaft Self, Depart the Abyss, Bend Space, Banish, Corrupt, Enter the
Abyss, Brand Weapon With Distortion, Renounce Religion, Evoke Invisibility


You were on level 13 of the Dungeon.
You worshipped Lugonu.
Lugonu was exalted by your worship.
You were hungry.

You visited 1 branch of the dungeon, and saw 13 of its levels.
You visited the Abyss 1 time.
You also visited: Sewer, Ossuary and Gauntlet.

You collected 1210 gold pieces.
You spent 301 gold pieces at shops.

Inventory:

Hand Weapons
 a - the +5 scythe "Finisher" (weapon) {speed, eviscerate}
   (You found it on level 7 of the Dungeon)

   Attacks with this weapon are significantly faster.
 A - a +2 trident of piercing
 G - a +0 glaive of chopping
 P - the +10 dark maul {crush}
   (You found it on level 8 of the Dungeon)

   It inflicts extra damage upon your enemies.
Missiles
 l - 13 silver javelins
 E - 12 boomerangs
 J - 4 throwing nets
 W - 51 poisoned darts (quivered)
Armour
 f - a +1 pair of boots (worn)
 q - a +0 pair of gloves (worn)
 u - a +0 shield (worn)
 C - a +2 scale mail of fire resistance
 L - a +0 plate armour
 R - a +2 scale mail of poison resistance
 T - a +2 cloak of invisibility (worn)
 V - the +5 scale mail "Jutiyq" (worn) {rC+}
   (You found it in a Gauntlet)

   It protects you from cold.
Jewellery
 t - an uncursed ring of ice
 w - a +5 amulet of reflection (around neck)
 z - a +3 ring of strength (right hand)
 D - the ring "Demivvub" (left hand) {rElec MP+9 Str+3}
   (You found it in a Gauntlet)

   [ring of magical power]

   It affects your strength (+3).
   It insulates you from electricity.
   It affects your magic capacity (+9).
 I - an uncursed amulet of regeneration
 K - an uncursed ring of fire
Wands
 j - a wand of iceblast (12)
 y - a wand of disintegration (14)
 O - a wand of acid (14)
 Q - a wand of clouds (5)
 S - a wand of paralysis (8)
 Z - a wand of polymorph (5)
Scrolls
 b - a scroll of fog
 m - 4 scrolls of immolation
 p - 3 scrolls of enchant armour
 r - 13 scrolls of remove curse
 s - 7 scrolls of magic mapping
 v - 5 scrolls of identify
 Y - a scroll of enchant weapon
Potions
 e - 6 potions of lignification
 g - 6 potions of heal wounds
 h - 4 potions of might
 i - a potion of cancellation
 k - a potion of resistance
 o - 4 potions of invisibility
 x - a potion of brilliance
 B - 4 potions of flight
 F - 7 potions of curing
 H - a potion of ambrosia
 M - 3 potions of magic
 N - 3 potions of mutation
 U - 3 potions of agility {unknown}
Miscellaneous
 d - a phantom mirror
 X - a lamp of fire
Comestibles
 c - 26 rations
 n - 9 chunks of flesh


   Skills:
 + Level 9.3 Fighting
 - Level 0.1 Maces & Flails
 + Level 13.8 Polearms
 + Level 4.0 Throwing
 * Level 10.8 Armour
 - Level 0.8 Dodging
 - Level 9.0 Shields
 * Level 10.1 Invocations
 * Level 5.2 Evocations


You had 12 spell levels left.
You didn't know any spells.
Your spell library contained the following spells:

 Spells                   Type           Power        Failure   Level  Hunger
 Confusing Touch          Hex            #.....       43%         1    ##.....
 Flame Tongue             Conj/Fire      #....        43%         1    ##.....
 Magic Dart               Conj           #...         43%         1    ##.....
 Call Imp                 Summ           #.......     56%         2    ###....
 Slow                     Hex            #.......     56%         2    ###....
 Throw Flame              Conj/Fire      #.....       56%         2    ###....
 Confuse                  Hex            #.......     80%         3    ####...
 Conjure Flame            Conj/Fire      #.......     80%         3    ####...
 Gell's Gravitas          Tloc           #.........   80%         3    ####...
 Inner Flame              Hex/Fire       #.......     80%         3    ####...
 Mephitic Cloud           Conj/Pois/Air  #.......     80%         3    ####...
 Cause Fear               Hex            #.........   99%         4    #####..
 Ice Form                 Ice/Tmut       #.......     99%         4    #####..
 Petrify                  Tmut/Erth      #.......     99%         4    #####..
 Sticky Flame             Conj/Fire      #.......     99%         4    #####..
 Fireball                 Conj/Fire      #.........   100%        5    ######.
 Metabolic Englaciation   Hex/Ice        #.........   100%        5    ######.
 Silence                  Hex/Air        #.........   100%        5    ######.
 Yara's Violent Unravell  Hex/Tmut       #.........   100%        5    ######.
 Bolt of Cold             Conj/Ice       #.........   100%        6    #######
 Deflect Missiles         Chrm/Air       #.........   100%        6    #######
 Freezing Cloud           Conj/Ice/Air   #.........   100%        6    #######
 Ozocubu's Refrigeration  Ice            #.........   100%        6    #######
 Simulacrum               Ice/Necr       #.........   100%        6    #######
 Discord                  Hex            #.........   100%        8    #######
 Blink                    Tloc           Unusable     N/A         2    N/A

Dungeon Overview and Level Annotations

Branches:
Dungeon (13/15)            Temple (0/1) D:6            Lair (0/6) D:10
    Orc (0/2) D:12         Vaults (0/5) D:13          Sewer (visited)
Ossuary (visited)         Gauntlet (visited)

Altars:
Ashenzari
Cheibriados
Fedhas
Gozag
Ru
Trog
Wu Jian
Xom

Shops:
D:7 [   D:10 (   D:11 !

Annotations:
D:2 exclusion: downstairs
D:3 Sigmund
D:13 Jorgrun


Innate Abilities, Weirdness & Mutations

You cannot be hasted, slowed, berserked, paralysed or teleported.
You can dig through walls and to a lower floor.
Your four strong arms can wield two-handed weapons with a shield.
You have a pair of large antennae on your head. (SInv)
Your flesh is cold resistant. (rC+)
Your movements are slightly less encumbered by armour. (ER -2)


Message History

Press: ? - help, Shift-Dir - straight line, f/p - Jorgrun
Aim: Jorgrun, wielding a +0 quarterstaff of crushing and wearing a +0 robe (moderately wounded, chance to defeat MR: 12%) Jorgrun resists with almost no effort.
You feel quite a bit more hungry.
Jorgrun mutters some incantations to himself.
You block Jorgrun's attack.
Press: ? - help, Shift-Dir - straight line, f/p - Jorgrun
Aim: Jorgrun, wielding a +0 quarterstaff of crushing and wearing a +0 robe (moderately wounded, chance to defeat MR: 12%) Jorgrun resists with almost no effort.
You feel somewhat more hungry. You block Jorgrun's attack.
Press: ? - help, Shift-Dir - straight line, f/p - Jorgrun
Aim: Jorgrun, wielding a +0 quarterstaff of crushing and wearing a +0 robe (moderately wounded, chance to defeat MR: 12%) Jorgrun resists with almost no effort.
You are feeling hungry.
Jorgrun hits you but does no damage.
Press: ? - help, Shift-Dir - straight line, f/p - Jorgrun
Aim: Jorgrun, wielding a +0 quarterstaff of crushing and wearing a +0 robe (moderately wounded, chance to defeat MR: 12%) Jorgrun resists with almost no effort.
You feel somewhat more hungry. Jorgrun casts a spell at you.
The iron shot hits you!!!
You die...

##)#######....##.#.
.######...........#..##
.............#...<'[...
.............#....#)[..
###...........#....'....
..###'##......#....#.###
.......+......#....#.#..
.......#.>..(.######.#..
.....(g@.............#..
.......#......(......#'#
########......(.........
........................
........................
........................
........################
........# ........#


You could see Jorgrun.

Vanquished Creatures
  A minotaur (Gauntlet)
  Snorg (D:11)
  7 vault guards (D:13)
  A hydra (D:12)
  Harold (D:8)
  A centaur warrior (D:13)
  2 two-headed ogres (D:10)
  A catoblepas (Gauntlet)
  Erica (D:9)
  3 death yaks
  A tengu warrior (D:9)
  An unseen horror (D:12)
  A swamp dragon (shapeshifter) (Gauntlet)
  A wolf spider zombie (D:13)
  3 manticores
  2 ugly things
  2 centaur skeletons
  A kobold demonologist (D:13)
  2 gargoyles (Gauntlet)
  A komodo dragon (D:12)
  2 trolls
  A hornet (D:13)
  Prince Ribbit (D:9)
  4 slime creatures (D:12)
  A hippogriff (shapeshifter) (Gauntlet)
  3 hippogriffs
  6 shadows (Gauntlet)
  A vampire (D:11)
  5 wraiths
  4 hogs (D:7)
  A human (D:7)
  2 hungry ghosts
  4 vampire mosquitoes (D:12)
  An acid dragon (D:12)
  A water moccasin (D:9)
  2 soldier ants
  2 porcupines (D:10)
  6 orc warriors
  4 phantoms
  3 ice beasts
  2 sky beasts
  10 ogres
  6 centaurs
  A big kobold (D:12)
  9 bullfrogs
  A gnoll sergeant (D:8)
  A wyvern zombie (D:9)
  A water moccasin skeleton (D:7)
  3 scorpions
  5 killer bees (D:12)
  8 wights
  7 crimson imps
  A jelly (D:12)
  2 bullfrog zombies
  A centaur zombie (D:10)
  10 orc wizards
  10 orc priests
  A bullfrog skeleton (D:5)
  7 hounds
  2 hell rats
  Terence (D:2)
  5 iguanas
  6 worker ants
  A hound skeleton (D:5)
  A mummy (Ossuary)
  Robin (D:3)
  17 gnolls
  A howler monkey skeleton (D:6)
  2 river rats
  14 adders
  4 shadow imps
  2 oozes
  2 adder skeletons
  4 worms
  A dart slug (D:3)
  2 leopard geckos
  43 orcs
  6 giant cockroaches
  12 hobgoblins
  8 jackals
  4 quokkas
  6 ball pythons
  A ball python skeleton (D:4)
  5 bats
  8 frilled lizards
  5 gnoll skeletons (Ossuary)
  13 goblins
  17 kobolds
  4 kobold skeletons (Ossuary)
  16 orc skeletons (Ossuary)
  A quokka skeleton (D:5)
  5 rats
  4 plants (Sewer)
398 creatures vanquished.

Vanquished Creatures (others)
  A centaur (D:13)
  A fungus (Gauntlet)
  13 plants (Gauntlet)
  14 withered plants (Gauntlet)
29 creatures vanquished.

Grand Total: 427 creatures vanquished

Notes
Turn   | Place    | Note
-------+----------+-------------------------------------------
     0 | Abyss:1  | ommo the Formicid Abyssal Knight began the quest for the
                  | Orb.
     0 | Abyss:1  | Reached XP level 1. HP: 18/18 MP: 2/2
     2 | Abyss:1  | Found a corrupted altar of Lugonu.
    50 | Abyss:2  | Noticed a great orb of eyes
    54 | D:1      | Escaped the Abyss
   416 | D:1      | Reached XP level 2. HP: 25/25 MP: 3/3
   755 | D:2      | Reached XP level 3. HP: 26/30 MP: 4/4
  1096 | D:2      | Reached * piety under Lugonu
  1163 | D:2      | Reached XP level 4. HP: 32/38 MP: 5/5
  1649 | D:1      | Reached skill level 3 in Polearms
  2157 | D:3      | Reached XP level 5. HP: 43/43 MP: 6/6
  3208 | D:3      | Noticed Sigmund
  3476 | D:3      | Reached XP level 6. HP: 49/49 MP: 7/7
  3481 | D:3      | Noticed Terence
  3500 | D:2      | Killed Terence
  3500 | D:2      | Reached skill level 4 in Polearms
  3500 | D:2      | Reached skill level 1 in Shields
  3590 | D:3      | Noticed Robin
  3598 | D:3      | Killed Robin
  3600 | D:3      | Reached ** piety under Lugonu
  4518 | D:4      | Noticed an ogre
  4529 | D:4      | Killed an ogre
  4962 | D:4      | Reached XP level 7. HP: 55/55 MP: 8/8
  5307 | D:4      | Reached skill level 5 in Fighting
  5934 | D:4      | Gained mutation: Your spells are a little easier to cast,
                  | but a little less powerful. [potion of mutation]
  5934 | D:4      | Gained mutation: Your flesh is cold resistant. (rC+)
                  | [potion of mutation]
  5934 | D:4      | Gained mutation: Your movements are slightly less
                  | encumbered by armour. (ER -2) [potion of mutation]
  5934 | D:4      | Lost mutation: Your spells are a little easier to cast, but
                  | a little less powerful. [potion of mutation]
  5985 | D:5      | Entered Level 5 of the Dungeon
  5992 | D:5      | Found a snail-covered altar of Cheibriados.
  5993 | D:5      | Found a shimmering altar of Xom.
  5998 | D:5      | Found a blossoming altar of Fedhas.
  6004 | D:5      | Found an ornate altar of the Wu Jian Council.
  6031 | D:5      | Reached skill level 5 in Polearms
  6136 | D:4      | Reached skill level 1 in Throwing
  6302 | D:5      | Reached XP level 8. HP: 62/62 MP: 10/10
  6869 | D:6      | Reached skill level 6 in Polearms
  6869 | D:6      | Reached skill level 5 in Armour
  6895 | D:6      | Found a sand-covered staircase.
  6907 | Ossuary  | Entered an ossuary
  6907 | Ossuary  | Noticed a wraith
  6907 | Ossuary  | Noticed a wraith
  6907 | Ossuary  | Noticed a wraith
  6988 | Ossuary  | Reached *** piety under Lugonu
  7037 | Ossuary  | Noticed a wraith
  7070 | Ossuary  | Killed a wraith
  7173 | D:6      | Reached XP level 9. HP: 69/69 MP: 11/11
  7196 | D:6      | Found a glowing drain.
  7224 | Sewer    | Entered a sewer
  8041 | D:6      | Reached skill level 7 in Polearms
  8121 | D:6      | Reached **** piety under Lugonu
  8165 | D:6      | Found a bloodstained altar of Trog.
  8257 | D:6      | Found a shattered altar of Ashenzari.
  8753 | D:6      | Found a staircase to the Ecumenical Temple.
  8909 | D:7      | You fall into a shaft and drop 1 floor!
  9141 | D:8      | Found the +10 dark maul {crush}
  9380 | D:7      | Reached skill level 8 in Polearms
  9386 | D:7      | Reached skill level 5 in Shields
  9607 | D:7      | Found the +5 scythe "Finisher" {speed, eviscerate}
  9631 | D:7      | Reached XP level 10. HP: 77/77 MP: 13/13
  9757 | D:7      | Found Getic's Armour Shop.
  9762 | D:7      | Bought a +2 cloak of invisibility for 301 gold pieces
  9860 | D:7      | Reached skill level 5 in Invocations
  9899 | D:7      | Reached skill level 9 in Polearms
 10164 | D:8      | Noticed Harold
 10171 | D:8      | Killed Harold
 10549 | D:9      | Noticed Prince Ribbit
 10674 | D:9      | Reached ***** piety under Lugonu
 10707 | D:9      | Killed Prince Ribbit
 10743 | D:9      | Noticed a tengu warrior
 10772 | D:9      | Killed a tengu warrior
 10772 | D:9      | Reached XP level 11. HP: 52/84 MP: 15/15
 10972 | D:9      | Noticed Erica
 10977 | D:9      | Reached skill level 10 in Polearms
 11008 | D:9      | Killed Erica
 11293 | D:10     | Entered Level 10 of the Dungeon
 11367 | D:10     | Noticed a two-headed ogre
 11373 | D:10     | Killed a two-headed ogre
 11497 | D:10     | Noticed a manticore
 11506 | D:9      | Killed a manticore
 11669 | D:10     | Noticed a two-headed ogre
 11678 | D:10     | Killed a two-headed ogre
 11678 | D:10     | Reached skill level 11 in Polearms
 11747 | D:10     | Found a sacrificial altar of Ru.
 11896 | D:10     | Noticed a death yak
 11899 | D:10     | Noticed a death yak
 11927 | D:10     | Found Vusen's Antique Weapon Shoppe.
 11943 | D:9      | Killed a death yak
 11960 | D:9      | Killed a death yak
 11962 | D:10     | Noticed a death yak
 11973 | D:10     | Killed a death yak
 11973 | D:10     | Reached XP level 12. HP: 80/92 MP: 17/17
 12017 | D:10     | Found a staircase to the Lair.
 12951 | D:11     | Noticed Snorg
 12957 | D:11     | Killed Snorg
 13012 | D:11     | Found Raick's Distillery.
 13250 | D:11     | Found an opulent altar of Gozag.
 13504 | D:12     | Noticed an unseen horror
 13508 | D:12     | Killed an unseen horror
 13554 | D:12     | Reached skill level 12 in Polearms
 13560 | D:12     | Found a staircase to the Orcish Mines.
 13600 | D:12     | Found a gate leading to a gauntlet.
 13615 | D:12     | Reached skill level 1 in Evocations
 13652 | Gauntlet | Entered a Gauntlet
 13652 | Gauntlet | Found a transporter.
 13712 | Gauntlet | Found a transporter.
 13727 | Gauntlet | Found a transporter.
 13732 | Gauntlet | Found a transporter.
 13747 | Gauntlet | Found a transporter.
 13766 | Gauntlet | Found a transporter.
 13768 | Gauntlet | Noticed a death yak
 13768 | Gauntlet | Noticed a death yak
 13770 | Gauntlet | Noticed a death yak
 13770 | Gauntlet | Noticed a death yak
 13776 | Gauntlet | Noticed a great orb of eyes
 13778 | Gauntlet | Found a transporter.
 13790 | Gauntlet | Found a transporter.
 13790 | Gauntlet | Noticed a hell hog
 13802 | Gauntlet | Found a transporter.
 13808 | Gauntlet | Found a transporter.
 13808 | Gauntlet | Found a transporter.
 13813 | Gauntlet | Noticed a catoblepas
 13823 | Gauntlet | Found a transporter.
 13829 | Gauntlet | Found a transporter.
 13868 | Gauntlet | Found a transporter.
 13892 | Gauntlet | Noticed a catoblepas
 13893 | Gauntlet | Found a transporter.
 13895 | Gauntlet | Found a transporter.
 13915 | Gauntlet | Found a transporter.
 14017 | Gauntlet | Found a transporter.
 14112 | Gauntlet | Noticed a death drake
 14144 | Gauntlet | a death drake changed into an eye of devastation
 14150 | Gauntlet | Killed a catoblepas
 14208 | Gauntlet | Noticed a swamp dragon
 14209 | Gauntlet | Killed a swamp dragon
 14290 | Gauntlet | Got a heavily runed bronze ring
 14291 | Gauntlet | Identified the ring "Demivvub" {rElec MP+9 Str+3} (You
                  | found it in a Gauntlet)
 14346 | Gauntlet | Noticed a minotaur
 14351 | Gauntlet | Killed a minotaur
 14351 | Gauntlet | Reached skill level 10 in Armour
 14351 | Gauntlet | Reached XP level 13. HP: 98/99 MP: 19/19
 14397 | Gauntlet | Got an ancient scale mail
 14397 | Gauntlet | Got a faintly humming scale mail
 14398 | Gauntlet | Identified the cursed +1 scale mail of Jeapim Utip {rElec
                  | MR+ rCorr} (You found it in a Gauntlet)
 14399 | Gauntlet | Identified the +5 scale mail "Jutiyq" {rC+} (You found it
                  | in a Gauntlet)
 15021 | D:12     | Reached ****** piety under Lugonu
 15050 | D:12     | Noticed a seven-headed hydra
 15054 | D:12     | Killed a seven-headed hydra
 15455 | D:13     | Found a sacrificial altar of Ru.
 15653 | D:13     | Noticed a centaur warrior
 15663 | D:13     | Killed a centaur warrior
 15663 | D:13     | Reached skill level 13 in Polearms
 15843 | D:13     | Noticed a vault guard
 15851 | D:13     | Noticed a vault guard
 15859 | D:13     | Killed a vault guard
 15864 | D:13     | Killed a vault guard
 15864 | D:13     | Noticed a vault guard
 15865 | D:13     | Killed a vault guard
 15874 | D:13     | Noticed a vault guard
 15880 | D:13     | Noticed a vault guard
 15884 | D:13     | Killed a vault guard
 16050 | D:13     | Killed a vault guard
 16289 | D:13     | Reached skill level 10 in Invocations
 16322 | D:13     | Noticed a vault guard
 16329 | D:13     | Killed a vault guard
 16329 | D:13     | Reached skill level 5 in Evocations
 16485 | D:13     | Found a gate to the Vaults.
 16594 | D:13     | Noticed a vault guard
 16604 | D:13     | Killed a vault guard
 16677 | D:13     | Noticed Jorgrun
 16716 | D:13     | Killed from afar by Jorgrun

Levels and vault maps discovered:
D:1:      minmay_arrival_hallway, layout_rooms
D:2:      layout_basic, first_ration
D:3:      layout_loops_corners, guppyfry_early_orc_mine, uniq_robin,
          uniq_terence, uniq_sigmund
D:4:      layout_basic
D:5:      layout_basic, nicolae_overflow_quartered_altars
D:6:      layout_loops_ring, kennysheep_little_box,
          lemuel_coloured_pillars_altar, temple_hall, enter_ossuary_1,
          gup_sewer_entry_glass
D:7:      layout_loops_ring, serial_shops, nicolae_shop_waterfront,
          grunt_livestock, minmay_guarded_unrand_finisher
D:8:      layout_loops_ring, uniq_harold
D:9:      layout_roguey, uniq_erica, uniq_prince_ribbit1
D:10:     layout_small_grid, dpeg_lair_monsters, serial_shops,
          kennysheep_mini_moat, basic_altar
D:11:     layout_small_grid, serial_shops, nicolae_shop_waterfront,
          grunt_gozag_statues, uniq_snorg
D:12:     layout_gridville, orc_david_3, gauntlet_entry_generic
D:13:     minmay_the_grid_square_5x5_3x3
          [minmay_the_grid_square_5x5_pentomino_r,
          minmay_the_grid_square_5x5_tetrominoes,
          minmay_the_grid_square_5x5_inset,
          minmay_the_grid_square_5x5_two_walls_b,
          minmay_the_grid_square_5x5_megaprize_hollow,
          minmay_the_grid_square_5x5_tie, minmay_the_grid_square_5x5_comb,
          minmay_the_grid_square_5x5_moneybag,
          minmay_the_grid_square_5x5_empty], layout_irregular_city,
          erik_vaults_2, serial_column_ruins, column_ruins_grid_1,
          column_ruins_open_tiny, column_ruins_columns_straight,
          column_ruins_open_tiny, column_ruins_open_tiny,
          column_ruins_columns_corner, nicolae_ru_awakened_eye, uniq_jorgrun

Skill      XL: |  1  2  3  4  5  6  7  8  9 10 11 12 13 |
---------------+----------------------------------------+-----
Fighting       | 4 5 6 7 8 9 |  9.3
Polearms       | 3 4 5 6 8 9 11 12 13 | 13.8
Armour         | 3 4 5 6 7 8 10 | 10.8
Shields        | 2 3 4 5 6 8 9 |  9.0
Invocations    | 3 4 6 7 9 10 | 10.1
Throwing       | 1 2 3 4 |  4.0
Evocations     | 2 5 |  5.2
Maces & Flails | |  0.1
Dodging        | |  0.8

Action                   |  1- 3 |  4- 6 |  7- 9 | 10-12 | 13-15 || total
-------------------------+-------+-------+-------+-------+-------++-------
Melee: Spear             |    96 |    85 |       |       |       ||   181
       Trident           |       |   173 |   687 |       |       ||   860
       Scythe            |       |       |       |   423 |   291 ||   714
       Maul              |       |       |       |       |     3 ||     3
Throw: Stone             |       |     6 |       |       |       ||     6
       Boomerang         |       |     3 |    56 |    26 |       ||    85
       Dart              |       |       |       |       |     2 ||     2
Invok: Depart the Abyss  |     1 |       |       |       |       ||     1
       Banish            |       |       |       |       |     4 ||     4
  Use: Scroll            |       |     6 |     8 |    19 |     2 ||    35
       Potion            |       |       |     3 |       |       ||     3
 Stab: Invisible         |       |       |     4 |       |       ||     4
  Eat: Chunk             |     1 |    12 |    13 |    16 |     9 ||    51
       Ration            |       |       |     1 |       |       ||     1
Armor: Leather armour    |     6 |       |       |       |       ||     6
       Chain mail        |    28 |    87 |       |       |       ||   115
       Scale mail        |       |    20 |    57 |       |    73 ||   150
       Plate armour      |       |       |   165 |   188 |       ||   353
Dodge: Dodged            |    36 |    34 |    95 |    72 |    59 ||   296
Block: Shield            |       |    70 |   222 |   179 |   174 ||   645
       Reflection        |       |       |     3 |       |     9 ||    12
